AoeStats
← Fazzz7z

Oasis

507119192Analyzed
2v2 RM · 16d ago on Sep 16, 2026· 45m 17s· 4 players
Game mode
Random Map
Map size
Medium (4 player)
Population
200
Speed
Normal
Resources
Standard
Victory
Conquest
Starting age
Dark Age
Ending age
Imperial Age
RankedLock teamsTeams togetherTeam positionsShared explorationLock speedFull tech treeHidden civsTurbo modeCheats
Victory
Defeat
🇩🇪 Franks · Germany
1490
+14
🇩🇪 Maya · Germany
1419
+18
🇷🇺 Franks · Russia
1468
-17
🇬🇧 Italians · United Kingdom
1425
-15
René
5:04 Loom
8:59 Feudal Age
10:01 Double-Bit Axe
21:42 Wheelbarrow
25:36 Castle Age
24:39 Scale Barding Armor
27:19 Chain Barding Armor
32:39 Hand Cart
38:38 Husbandry
42:45 Hand Cart
45:05 Imperial Age
Fazzz7z
11:05 Feudal Age
11:57 Double-Bit Axe
14:38 Castle Age
16:04 Bow Saw
18:02 Fletching
19:28 Loom
21:25 Wheelbarrow
24:21 Bodkin Arrow
25:20 Gold Mining
25:14 Horse Collar
26:14 Padded Archer Armor
27:41 Hand Cart
31:52 Imperial Age
30:19 Ballistics
30:35 Crossbowman
31:21 Thumb Ring
31:34 Town Watch
32:33 Fortified Wall
32:20 Murder Holes
32:23 Arbalester
33:04 Bracer
33:48 Treadmill Crane
34:14 Heavy Plow
35:20 Two-Man Saw
34:11 Stone Mining
35:28 Crop Rotation
35:33 Stone Shaft Mining
36:32 Chemistry
36:02 Conscription
36:38 Masonry
37:12 Hoardings
37:24 Leather Archer Armor
38:36 Scale Barding Armor
38:41 Forging
39:36 Ring Archer Armor
38:29 Light Cavalry
39:10 Husbandry
39:24 Bloodlines
39:40 Forging
39:30 Scale Mail Armor
40:48 Hussar
42:38 Chain Barding Armor
42:54 Iron Casting
44:51 Elite Skirmisher
Richiii
10:32 Feudal Age
11:07 Double-Bit Axe
11:55 Loom
13:40 Town Watch
16:49 Castle Age
23:34 Bow Saw
28:55 Wheelbarrow
29:08 Scale Mail Armor
31:04 Gold Mining
33:16 Stone Mining
34:04 Gold Shaft Mining
37:42 Imperial Age
36:32 Hand Cart
36:20 Town Patrol
36:52 Scale Barding Armor
38:08 Husbandry
38:30 Chain Barding Armor
37:55 Cavalier
40:15 Plate Barding Armor
42:20 Forging
44:31 Conscription
44:51 Paladin
FunnyApple
0:27 Loom
9:25 Feudal Age
9:58 Double-Bit Axe
13:48 Fletching
21:04 Castle Age
20:49 Gold Mining
20:47 Horse Collar
21:52 Bodkin Arrow
21:20 Crossbowman
22:13 Bow Saw
23:32 Wheelbarrow
25:17 Ballistics
30:59 Imperial Age
32:15 Bracer
31:39 Arbalester
34:00 Capped Ram
36:16 Chemistry
36:26 Padded Archer Armor
37:41 Leather Archer Armor
39:10 Ring Archer Armor
43:05 Thumb Ring
Connection lost

Rejoining the realm…

Still unreachable

The connection could not be restored.

Session expired

The server has moved on; the page needs a fresh start.